 Dungeon Crawl Stone Soup version 0.15.0-25-gd84c1e8 (webtiles) character file.

195 Psiweapon the Chucker (level 5, 0/75 HPs)
             Began as an Ogre Hunter on Sept 10, 2014.
             Succumbed to a worker ant's poison
             ... on Level 3 of the Dungeon.
             The game lasted 00:15:00 (3431 turns).

Psiweapon the Chucker (Ogre Hunter)                 Turns: 3431, Time: 00:15:01

HP   0/75        AC 22     Str 17      XL: 5   Next: 74%
MP   5/5         EV  1     Int 10      God:
Gold 90          SH  0     Dex 11      Spells:  0 memorised,  4 levels left

rFire  . . .     SeeInvis .     G - +0 dire flail
rCold  . . .     Clarity  .     u - melded +0 robe
rNeg   + + +     rCorr    .     (shield restricted)
rPois  +         rRot     .     (helmet restricted)
rElec  .         Spirit   .     (cloak currently unavailable)
SustAb .         Warding  .     (gloves unavailable)
rMut   .         NoTele   +     (boots unavailable)
Gourm  .                        (no amulet)
MR     .....                    (no ring)
                                s - ring of regeneration

@: lethally poisoned, tree-form, not resistant to hostile enchantments,
unstealthy
A: unfitting armour, (tough skin 0)
a: no special abilities


You were on level 3 of the Dungeon.
You were hungry.
You were an animated tree.
You visited 1 branch of the dungeon, and saw 4 of its levels.

You collected 90 gold pieces.

Inventory:

Hand weapons
 a - a +1 club
 j - a +0 hand axe of electrocution
 o - a cursed -3 dagger
 t - a +0 flail
 y - a +2 dagger of freezing
 A - a +0 short sword of speed
 G - a +0 dire flail (weapon)
Missiles
 b - 4 large rocks (quivered)
 c - 2 throwing nets
 e - 5 tomahawks
 h - 15 stones
 k - 14 sling bullets
 m - 15 poisoned needles
Armour
 d - a +0 animal skin
 u - a +0 robe (melded)
Comestibles
 f - 2 meat rations
 x - 3 bread rations
 D - a beef jerky
Scrolls
 i - a scroll of identify {unknown}
 n - 5 scrolls of teleportation {unknown}
 r - a scroll of blinking {unknown}
 F - a scroll of remove curse {unknown}
Jewellery
 s - a ring of regeneration (left branch)
 H - an uncursed amulet of faith
Potions
 g - a potion of berserk rage {unknown}
 l - a potion of curing {unknown}
 p - a potion of degeneration {unknown}
 q - a potion of cure mutation {unknown}
 w - a potion of restore abilities {unknown}
 B - a potion of cancellation
 C - a potion of might


   Skills:
 - Level 2.6 Fighting
 + Level 5.2 Maces & Flails
 - Level 5.9 Throwing
 + Level 2.1 Dodging
 - Level 0.7 Stealth


You had 4 spell levels left.
You didn't know any spells.

Dungeon Overview and Level Annotations

Branches:
Dungeon (4/15)
 Temple: D:4-7

Altars:
Elyvilon

Annotations:
D:2 exclusion: gnoll


Innate Abilities, Weirdness & Mutations

You are too large for most types of armour.
((You have tough skin (AC +1).))


Message History

You turn into an animated tree.
Your +0 robe melds into your body.
Your roots penetrate the ground.
It was a potion of lignification.
* * * LOW HITPOINT WARNING * * *
You feel sick.
The worker ant bites you but does no damage.
Drink which item? (? for menu, Esc to quit)
Okay, then.
You barely miss the worker ant.
The worker ant is heavily wounded.
* * * LOW HITPOINT WARNING * * *
You feel sick.
The worker ant bites you but does no damage.
You barely miss the worker ant.
The worker ant is heavily wounded.
* * * LOW HITPOINT WARNING * * *
You feel sick.
The worker ant bites you but does no damage. x2
You hit the worker ant.
The worker ant is heavily wounded.
You die...

#.#####.# #####.##.##.#
#.....##....######
#.###.##.#........
#######.# #.##.#########
#.....#.###.##.#
#.........#.##.#
#.........#.##.# #####
###......♣..#.##.# #....
#........a....##.# #....
#................# #....
#.......###...#### #....
#..............########...
#...................# #..#
#...................###..#
#...........###..........#
###########.###......#...#


You could see a worker ant.

Vanquished Creatures
  A hound (D:3)
  A worker ant (D:3)
  5 adders
  A gnoll (D:3)
  A giant mite (D:3)
  A worm (D:3)
  2 oozes
  6 orcs (D:3)
  11 bats
  5 goblins
  4 hobgoblins
  2 ball pythons
  8 giant cockroaches
  6 giant geckos
  A giant newt (D:2)
  7 kobolds
  6 rats
68 creatures vanquished.

Notes
Turn   | Place    | Note
--------------------------------------------------------------
     0 | D:1      | Psiweapon, the Ogre Hunter, began the quest for the Orb.
     0 | D:1      | Reached XP level 1. HP: 22/22 MP: 1/1
   430 | D:1      | Reached XP level 2. HP: 18/29 MP: 2/2
  1049 | D:1      | Reached skill level 5 in Throwing
  1245 | D:2      | Reached XP level 3. HP: 23/36 MP: 3/3
  1886 | D:2      | Reached XP level 4. HP: 40/44 MP: 4/4
  2641 | D:3      | Reached XP level 5. HP: 34/50 MP: 5/5
  2829 | D:3      | Found a white marble altar of Elyvilon.
  3226 | D:3      | Reached skill level 5 in Maces & Flails
  3330 | D:4      | Noticed a centaur
  3428 | D:3      | HP: 3/75 [poisoned by a worker ant]
  3430 | D:3      | HP: 1/75 [poisoned by a worker ant]
  3431 | D:3      | Succumbed to a worker ant's poison

Action                   |  1- 3 |  4- 6 || total
-------------------------+-------+-------++-------
Melee: Club              |   126 |    23 ||   149
       War axe           |       |    19 ||    19
       Flail             |       |    32 ||    32
       Dire flail        |       |    40 ||    40
Throw: Stone             |    32 |    48 ||    80
       Large rock        |     4 |     7 ||    11
       Throwing net      |     4 |       ||     4
       Tomahawk          |       |    15 ||    15
  Use: Potion            |       |     3 ||     3
  Eat: Chunk             |     3 |     6 ||     9
